woodfighter, chaotic female elven Priestess ---------------- |..............| -------- ##...............| ---------------- | |......-- # |..............| #*.....fH........ ..... |..<....| ### -------.--.----- ###|.*...@........| | |.....*|| # # # # -.------ --+---- |........## #### ### # |.......| `# # ### |......-- ### ### -.---- -------- ## # |.....### #### # |....| -.-.--# |....| -----....|# |....| |........+## |....| |......%.|# +....| |.........# ------ |........| ---------- woodfighter the Adept Experience level: 9 Strength: 14 Dexterity: 13 Constitution: 14 Intelligence: 21 Wisdom: 12 Charisma: 9 Health: 0(54) Energy: 111(111) Def: 20 Gold: 3078 Moves: 14196 Dungeon seed: l4zp4W4LgeknRqxG Game ID: woodfighter_1534423064 Your Inventory: Coins $ - 3078 gold pieces Amulets u - an amulet versus poison A - an amulet of reflection (being worn) Weapons a - a blessed +1 mace l - a blessed +7 orcish spear named Spear of Fable (weapon in hand) p - a blessed +2 orcish spear named Vladsbane (in quiver) Armor e - a +0 robe (being worn) n - a blessed +1 dwarvish iron helm (being worn) q - a +0 pair of elven boots (being worn) r - a cursed -1 pair of levitation boots z - a +0 pair of leather gloves (being worn) I - a blessed greased +0 gray dragon scale mail (being worn) J - a +0 Hawaiian shirt (being worn) K - a +0 shield of reflection (being worn) Comestibles x - a eucalyptus leaf E - a magic bean P - 3 food rations R - a tripe ration Scrolls B - a blessed scroll of magic mapping D - a scroll of identify Rings o - a ring of searching (on left hand) F - a ring of free action (on right hand) Wands d - a wand of lightning (0:3) f - a wand of sleep (0:0) g - a wand of digging (0:6) w - a wand of teleportation (0:2) Tools s - a cursed sack y - a skeleton key W - a towel Gems Q - a touchstone Contents of the sack: 454 gold pieces a [+0] mummy wrapping 5 sprigs of wolfsbane 4 scrolls of blank paper a cursed scroll of light a potion of levitation a [+0] pick-axe Spells and supernatural/magical abilities: Name Level Category Fail Memory l - light 1 divination 57% 30% n - detect monsters 1 divination 57% 30% p - protection 1 clerical 57% 30% W - pray for help -- divine ? -- X - turn undead -- divine ? -- Your skills at the end: Miscellaneous Skills shield [Expert] wands [Basic] Weapon Skills mace [Expert] Spellcasting Skills clerical spells [Basic] Final Attributes: You were piously aligned. You were sleep resistant. You were poison resistant. You were magic-protected. Your writing hand was ok. You were telepathic. You had automatic searching. You had infravision. You were stealthy. You had reflection. You had free action. You are dead. Vanquished creatures: a ghost a giant mimic a large mimic a baby long worm 2 stalkers a black naga a warg a small mimic a warhorse a shocking sphere a dwarf king a gelatinous cube a crocodile 2 leocrottas a cobra 3 giant beetles a cockatrice a wolf a lynx 3 leprechauns a quivering blob a giant spider a scorpion an ice vortex 6 gnome kings a rust monster a werewolf a piranha 2 dogs a dingo a housecat 4 dwarf lords 2 water nymphs a dust vortex a raven a gnome mummy 4 apes 3 human zombies a rope golem a fire ant a yellow light 4 bugbears a baby crocodile 3 Mordor orcs 10 Uruk-hai 2 rock moles a rock piercer a pony a fog cloud 2 shriekers 13 gnome lords 8 gnomish wizards 5 kobold mummies 2 gray oozes an elf zombie a ghoul a straw golem a paper golem a jellyfish 10 giant ants a puppy 3 floating eyes 5 kittens 21 dwarves 2 quasits a kobold lord 3 iguanas 4 hill orcs a rothe 3 rabid rats a centipede 4 jitterbugs 4 giant bats 4 orc zombies 3 dwarf zombies 4 killer bees a coyote a gas spore 6 hobbits 2 acid blobs 5 geckos 14 hobgoblins 2 giant rats a cave spider 3 brown molds 2 yellow molds a green mold a red mold 60 gnomes 2 garter snakes a gnome zombie 21 jackals a fox 3 kobolds 12 newts 3 goblins 5 sewer rats 22 grid bugs 10 lichens 5 kobold zombies 378 creatures vanquished. Voluntary challenges: You did not cause conflict. You were not invisible. You were not displaced. You were an atheist. You used a wielded weapon 652 times, starting on turn 1. You did not apply a unicorn horn. You did not use plumbed fixtures. You did not drink any magical draughts. You read items or engraved 1 time, starting on turn 7248. You never genocided any monsters. You never polymorphed an object. You never changed form. You completed Sokoban on turn 4403, according to the rules. You used 1 wish, starting on turn 5063. You did not wish for any artifacts. You never split a pudding. You never wrote Elbereth's name. You never violated your personal moral code. Dungeon overview: The Dungeons of Doom: levels 1 to 11 Level 1 a sink a long staircase Level 2 a general store, a sink Level 3 (water) a fountain stairs to The Gnomish Mines Level 4 a fountain Level 5 many fountains Level 6 (water) stairs to Sokoban Level 7 (throne + vault) a throne Level 8 an altar to Loki Level 9 a fountain Level 10 (vault) a fountain Level 11 (quest) <- You were here The Gnomish Mines: levels 4 to 11 Level 4 stairs to The Dungeons of Doom Level 5 Level 6 many shops, a temple to Loki, a magic chest, some fountains Level 7 Level 8 Level 9 Level 10 Level 11 a magic chest, a fountain Sokoban: levels 2 to 5 Level 2 a magic chest Level 3 Level 4 Level 5 a magic chest stairs to The Dungeons of Doom History has recorded: On T:1 you entered the Dungeons of Doom to retrieve the Amulet of Yendor! On T:263 you reached level 2 of The Dungeons of Doom. On T:482 you reached level 3 of The Dungeons of Doom. On T:692 you advanced to experience level 2. On T:876 you reached level 1 of The Gnomish Mines. On T:1016 you advanced to experience level 3. On T:1089 you reached level 4 of The Dungeons of Doom. On T:1221 you reached level 5 of The Dungeons of Doom. On T:1559 you advanced to experience level 4. On T:1877 you reached level 6 of The Dungeons of Doom. On T:2023 you advanced to experience level 5. On T:2032 you reached level 4 of Sokoban. On T:2089 you advanced to experience level 6. On T:2152 you opened a magic chest. On T:2396 you reached level 3 of Sokoban. On T:3064 you reached level 2 of Sokoban. On T:3508 you reached level 1 of Sokoban. On T:4403 you advanced to experience level 7. On T:4403 you entered the Sokoban zoo. On T:5018 you reached level 3 of The Gnomish Mines. On T:5063 you wished for "+3 blessed fixed greased gray dragon scale mail". On T:5246 you reached level 2 of The Gnomish Mines. On T:6269 you entered the Minetown temple On T:6378 you reached level 4 of The Gnomish Mines. On T:6567 you advanced to experience level 8. On T:6643 you reached level 5 of The Gnomish Mines. On T:7509 you reached level 6 of The Gnomish Mines. On T:7721 you reached level 7 of The Gnomish Mines. On T:8977 you reached level 8 of The Gnomish Mines. On T:8977 you reached the bottom of the Mines. On T:10317 you advanced to experience level 9. On T:11299 you reached level 7 of The Dungeons of Doom. On T:11883 you reached level 8 of The Dungeons of Doom. On T:12573 you reached level 9 of The Dungeons of Doom. On T:13328 you reached level 10 of The Dungeons of Doom. On T:13661 you reached level 11 of The Dungeons of Doom. Score breakdown: Gold: 3532 ( 353 points) Experience: 9 levels ( 800 points) Exploration: 11 levels ( 300 points) Discoveries: 36 items ( 1800 points) Variety of kills: 100 monsters ( 2000 points) Major goal: Sokoban/Mines ( 1500 points) Survival: died (score multiplied by 3) Total score: 20259 Latest messages: E - a magic bean. The hill giant shoots a rock! You are almost hit by a rock. You hear a door crash open. You finish searching. You displace kitty. You stop exploring. The cockatrice misses. The cockatrice touches you! You jab the cockatrice! (2x) The cockatrice bites! The cockatrice touches you! You jab the cockatrice! The cockatrice turns to flee! You kill the cockatrice! The hill giant shoots a rock! You stop exploring. You are almost hit by a rock. The hill giant swings his sling at you. The hill giant hits! The hill giant punches you! You jab the hill giant! The hill giant swings his sling at you. The hill giant hits! The hill giant punches you! You die... Final status: Goodbye woodfighter the Priestess, killed by a hill giant... You died in The Dungeons of Doom on dungeon level 11 with 20259 points, and 3532 pieces of gold, after 14196 moves. You were level 9 with a maximum of 54 hit points when you died.